 Dungeon Crawl Stone Soup version 0.17-a0-1174-ge06b3cc (webtiles) character file.

125 nuthulu the Grave Robber (level 4, -5/36 HPs)
             Began as a Deep Dwarf Necromancer on May 29, 2015.
             Slain by an ogre
             ... wielding a +0 giant spiked club
              (18 damage)
             ... on level 3 of the Dungeon.
             The game lasted 00:13:18 (2588 turns).

nuthulu the Grave Robber (Deep Dwarf Necromancer)   Turns: 2588, Time: 00:13:19

Health: -5/36      AC:  2    Str: 11    XL:     4   Next: 82%
Magic:  0/7        EV: 13    Int: 22    God:
Gold:   120        SH:  0    Dex: 13    Spells: 3 memorised, 3 levels left

rFire  . . .     SeeInvis .     (no weapon)
rCold  . . .     Clarity  .     a - +0 robe
rNeg   . . .     SustAt   .     (no shield)
rPois  .         Gourm    .     (no helmet)
rElec  .         Spirit   .     (no cloak)
rCorr  .         Warding  .     (no gloves)
rMut   .         Stasis   .     (no boots)
MR     .....                    (no amulet)
Stlth  ++........               (no ring)
                                (no ring)

@: brilliant, non-regenerating, not resistant to hostile enchantments,
unstealthy
A: damage resistance, recharge devices, sense surroundings 1, slow healing 3
a: Device Recharging


You were on level 3 of the Dungeon.
You were not hungry.

You visited 1 branch of the dungeon, and saw 3 of its levels.

You collected 120 gold pieces.

Inventory:

Missiles
 l - a throwing net (quivered)
Armour
 a - a +0 robe (worn)
Magical devices
 c - a wand of heal wounds (4)
Scrolls
 e - 2 scrolls of identify
 f - a scroll of teleportation
 h - a scroll of remove curse
Potions
 k - a potion of brilliance
Books
 b - a book of Necromancy

   Spells                             Type                      Level
   a - Pain                           Necromancy                   1
   b - Animate Skeleton               Necromancy                   1
   c - Vampiric Draining              Necromancy                   3
   d - Regeneration                   Charms/Necromancy            3
   e - Animate Dead                   Necromancy                   4
   f - Control Undead                 Necromancy                   4
Comestibles
 d - 5 bread rations
 g - a royal jelly
 i - a meat ration
 j - 4 chunks of flesh


   Skills:
 * Level 2.9 Dodging
 * Level 3.1 Stealth
 * Level 2.5 Spellcasting
 * Level 5.8 Necromancy


You had 3 spell levels left.
You knew the following spells:

 Your Spells              Type           Power        Failure   Level  Hunger
a - Pain                  Necr           ####         1%          1    None
b - Animate Skeleton      Necr           N/A          1%          1    None
c - Vampiric Draining     Necr           #####.....   1%          3    ###....


Dungeon Overview and Level Annotations

Branches:
Dungeon (3/15)

Altars:

Annotations:
D:3 Sigmund


Innate Abilities, Weirdness & Mutations

You are resistant to damage.
You can recharge devices by infusing magical energy.
You passively map a small area around you.
You do not heal naturally.


Message History

Drink which item? (? for menu, Esc to quit)
It was a potion of brilliance.
You feel clever all of a sudden.
The ogre hits you with a giant spiked club!
Casting: Pain
Confirm with . or Enter, or press ? or * to list all spells.
Aiming: Pain
Press: ? - help, Shift-Dir - straight line, f/p - ogre
Aim: an ogre, wielding a giant spiked club (chance to defeat MR: 84%)
The ogre convulses in agony!
The ogre closely misses you.
A hobgoblin comes into view. It is wielding a club.
Casting: Pain
Confirm with . or Enter, or press ? or * to list all spells.
Aiming: Pain
Press: ? - help, Shift-Dir - straight line, f/p - ogre
Aim: an ogre, wielding a giant spiked club (lightly wounded, chance to defeat MR: 84%)
The ogre convulses in agony!
The ogre hits you with a giant spiked club!!
Ouch! That really hurt!
You die...

################### ##*
#......##.........##..
#......##................,
#......##................,
#......##................
#...............g......# *
###............O....#...#
..............##@.......#
##............##........######
##.>..........##...).....@...####
##....##...........#.........'.[.
.#....##...........#.........###(
...................#..(......###)
.................######...##.#...
...##....#.....g..........##.#(##
##..#....#.....##......#.....#...


You could see an ogre, a hobgoblin and a goblin (wandering).

Vanquished Creatures
  Robin (D:3)
  4 adders
  2 worms (D:2)
  A giant gecko (D:3)
  7 orcs (D:3)
  5 bats
  A giant cockroach (D:1)
  9 hobgoblins
  5 kobolds
  2 quokkas
  6 giant newts
  15 goblins
  A jackal (D:3)
  6 rats
65 creatures vanquished.

Vanquished Creatures (collateral kills)
  A ball python (D:1)
  A bat (D:1)
  A goblin (D:3)
3 creatures vanquished.

Grand Total: 68 creatures vanquished

Notes
Turn   | Place    | Note
--------------------------------------------------------------
     0 | D:1      | nuthulu the Deep Dwarf Necromancer began the quest for the Orb.
     0 | D:1      | Reached XP level 1. HP: 15/15 MP: 3/3
   121 | D:1      | Learned a level 1 spell: Animate Skeleton
   436 | D:1      | Reached XP level 2. HP: 22/22 MP: 1/4
   728 | D:1      | Reached skill level 5 in Necromancy
   925 | D:2      | Reached XP level 3. HP: 28/28 MP: 0/6
   930 | D:2      | Learned a level 3 spell: Vampiric Draining
  1659 | D:3      | Noticed Sigmund
  1870 | D:3      | Reached XP level 4. HP: 30/36 MP: 0/7
  2217 | D:3      | Noticed Robin
  2238 | D:3      | Killed Robin
  2540 | D:3      | Noticed an ogre
  2588 | D:3      | Slain by an ogre

Vault maps used:
D:1:      scummos_arrival_gate
D:2:      minmay_misc_feat_four_crosses, nrook_mini_vaults,
          minmay_misc_feat_tiny
D:3:      serial_forest, infiniplex_forest_end_1, infiniplex_forest_diagonal,
          infiniplex_forest_clump_medium, infiniplex_forest_zigzag_1,
          first_bread, minmay_ogre_servants, uniq_robin, uniq_sigmund

Action                   |  1- 3 |  4- 6 || total
-------------------------+-------+-------++-------
Melee: Unarmed           |     6 |     6 ||    12
 Cast: Pain              |    64 |    46 ||   110
       Animate Skeleton  |     2 |     2 ||     4
       Vampiric Draining |     6 |     5 ||    11
Evoke: Wand              |       |     1 ||     1
  Use: Scroll            |     6 |       ||     6
       Potion            |     4 |     1 ||     5
  Eat: Chunk             |     5 |     3 ||     8
